AoeStats
← Barón de la Cerveza

Arena

507589848Analyzed
1v1 RM · 14d ago on Sep 18, 2026· 56m 59s· 2 players
Game mode
Random Map
Map size
Tiny (2 player)
Population
200
Speed
Normal
Resources
Standard
Victory
Conquest
Starting age
Dark Age
Ending age
Imperial Age
RankedLock teamsTeams togetherTeam positionsShared explorationLock speedFull tech treeHidden civsTurbo modeCheats
Victory
Defeat
1890
+12
🇨🇱 Armenians · Chile
1801
-12
[CL] Dubstepyzed
10:08 Feudal Age
11:04 Double-Bit Axe
14:00 Castle Age
12:00 Horse Collar
14:48 Wheelbarrow
15:11 Bow Saw
16:56 Sanctity
17:31 Squires
18:22 Fervor
18:15 Gold Mining
19:06 Loom
25:03 Heavy Plow
26:54 Hand Cart
31:07 Imperial Age
29:40 Gold Shaft Mining
29:20 Fletching
29:00 Pikeman
29:40 Scale Mail Armor
29:47 Stone Mining
30:24 Ballistics
30:01 Bodkin Arrow
30:18 Forging
30:09 Padded Archer Armor
31:21 Chain Mail Armor
30:28 Halberdier
30:36 Man-at-Arms
31:02 Gambesons
31:55 Leather Archer Armor
31:32 Town Watch
31:49 Bracer
32:54 Chemistry
32:44 Plate Mail Armor
32:35 Guilds
32:06 Long Swordsman
32:31 Gambesons
33:51 Illumination
33:42 Block Printing
33:53 Leather Archer Armor
34:14 Iron Casting
34:05 Masonry
34:14 Two-Handed Swordsman
35:29 Arson
36:02 Redemption
36:16 Conscription
35:42 Champion
37:24 Blast Furnace
36:36 Fereters
36:23 Elite Composite Bowman
39:13 Ring Archer Armor
39:22 Hoardings
42:22 Theocracy
43:19 Scale Barding Armor
43:33 Light Cavalry
44:34 Chain Barding Armor
45:05 Bloodlines
44:55 Husbandry
48:40 Fortified Wall
56:10 Herbal Medicine
Barón de la Cerveza
3:35 Double-Bit Axe
6:56 Horse Collar
11:10 Feudal Age
15:22 Castle Age
13:53 Heavy Plow
15:12 Bow Saw
15:35 Light Cavalry
22:19 Wheelbarrow
24:04 Gold Mining
24:04 Stone Mining
24:13 Loom
28:11 Imperial Age
27:11 Husbandry
27:50 Elite Skirmisher
28:59 Hand Cart
30:06 Chemistry
30:18 Conscription
30:52 Scale Mail Armor
31:42 Scale Barding Armor
31:48 Forging
32:40 Padded Archer Armor
32:03 Hussar
34:38 Iron Casting
34:25 Fletching
34:50 Leather Archer Armor
35:13 Ballistics
36:04 Bodkin Arrow
37:47 Bracer
39:38 Chain Barding Armor
45:08 Hoardings
44:47 Masonry
44:18 Treadmill Crane
45:10 Cavalier
47:12 Paladin
50:14 Plate Barding Armor
50:41 Blast Furnace
Connection lost

Rejoining the realm…

Still unreachable

The connection could not be restored.

Session expired

The server has moved on; the page needs a fresh start.